 Dungeon Crawl Stone Soup version 0.28-a0-1182-g381e24db82 (webtiles) character file.

Game seed: 15870771763149284860

254 lonewolfV2 the Covered (level 5, -6/47 HPs)
             Began as a Minotaur Fighter on Dec 16, 2021.
             Asphyxiated
             ... on level 4 of the Dungeon.
             The game lasted 00:05:39 (2802 turns).

lonewolfV2 the Covered (Minotaur Fighter)           Turns: 2802, Time: 00:05:42

Health: -6/47      AC: 14    Str: 21    XL:     5   Next: 91%
Magic:  4/4        EV:  6    Int:  5    God:
Gold:   109        SH:  5    Dex: 11    Spells: 4/4 levels left

rFire   + . .      SeeInvis .   f - +2 short sword (venom)
rCold   . . .      Faith    .   c - +0 buckler
rNeg    . . .      Spirit   .   l - +2 plate armour {rF+}
rPois   .          Reflect  .   (helmet restricted)
rElec   .          Harm     .   (no cloak)
rCorr   .          Rampage  .   (no gloves)
Will    .....                   (no boots)
Stlth   ..........              (no amulet)
HPRegen 0.15/turn               (no ring)
MPRegen 0.09/turn               (no ring)

@: mighty, lethally poisoned (-6 -> -24), slowed, very slow
A: horns 2, retaliatory headbutt
a: no special abilities


You were on level 4 of the Dungeon.
You visited 1 branch of the dungeon, and saw 4 of its levels.

You collected 109 gold pieces.

Inventory:

Hand Weapons
 a - a +0 flail
 e - a +0 hand axe of electrocution
 f - a +2 short sword of venom (weapon)
Missiles
 h - 2 throwing nets (quivered)
Armour
 b - a +0 scale mail
 c - a +0 buckler (worn)
 j - a +1 robe of fire resistance
 l - a +2 plate armour of fire resistance (worn)
Scrolls
 m - a scroll of summoning {unknown}
Potions
 g - 2 potions of mutation


   Skills:
 + Level 4.4 Fighting
 + Level 2.8 Short Blades
 + Level 1.6(2.3) Axes
 + Level 2.5(2.8) Maces & Flails
 + Level 5.1 Armour
 + Level 1.8 Dodging
 + Level 0.2 Stealth
 + Level 4.6 Shields


You had 4 spell levels left.
You didn't know any spells.
Your spell library contained the following spells:

 Spells                   Type           Power      Damage    Failure   Level
 Sandblast                Erth           0%         2d4       100%        1
 Slow                     Hex            0%         N/A       100%        1
 Passwall                 Tmut/Erth      0%         N/A       100%        2
 Confusing Touch          Hex            0%         N/A       100%        3
 Dazzling Flash           Conj/Hex       0%         N/A       100%        3
 Stone Arrow              Conj/Erth      0%         3d7       100%        3
 Iskenderun's Mystic Bla  Conj/Tloc      0%         2d3       100%        4
 Yara's Violent Unravell  Hex/Tmut       0%         3d3       100%        5
 Starburst                Conj/Fire      0%         6d3       100%        6


Dungeon Overview and Level Annotations

Branches:
Dungeon (4/15)
 Temple: D:4-7

Altars:
Elyvilon


Innate Abilities, Weirdness & Mutations

You have a pair of horns on your head.
You reflexively headbutt those who attack you in melee.


Message History

You feel better. The orc hits you but does no damage.
You block the orc's attack.
You feel very mighty all of a sudden. The orc hits you but does no damage. x2
As you read the scroll of teleportation, it crumbles to dust.
You feel strangely unstable. You block the orc's attack.
The orc hits you but does no damage.
You hit the orc.
You kill the orc!
You block the hound skeleton's attack. The orc hits you but does no damage.
You hit the hound skeleton. You headbutt the hound skeleton.
The hound skeleton is heavily damaged.
The hound skeleton bites you but does no damage.
You puncture the hound skeleton!
You destroy the hound skeleton!
The orc closely misses you. The orc hits you with a +0 flail.
Items here: ))) [.
You closely miss the orc. Your headbutt misses the orc.
Your surroundings suddenly seem different.
A goblin, a kobold, a kobold brigand and a dart slug come into view.
The kobold brigand is wielding a +3 dagger and quivering curare-tipped darts.
Found four items.
The kobold shouts!
The goblin shouts!
The kobold brigand throws a curare-tipped dart.
The curare-tipped dart hits you.
You are poisoned.
You have difficulty breathing.
* * * LOW HITPOINT WARNING * * *
You feel yourself slow down.
Unknown command.
* * * LOW HITPOINT WARNING * * *
You feel very sick.
* * * LOW HITPOINT WARNING * * *
You feel very sick.
The kobold brigand throws a curare-tipped dart.
The curare-tipped dart hits you.
You are more poisoned.
You have difficulty breathing.
You die...

###.##.###[ #)o# #
.......#. #.###
##........ #.#...
##......... .....#.
..........
........##.........
..................?.
......>..............
..............@.......
.<..........)..........
...(...........
....K..w......)
...........g...
...........K?..
...............
######.........
##########


You could see a kobold brigand, a dart slug, a goblin and a kobold.

Vanquished Creatures
  A sky beast (D:4)
  An orc priest (D:4)
  A hound (D:3)
  A hound skeleton (D:4)
  2 adders (D:2)
  An adder skeleton (D:4)
  A worm (D:2)
  2 dart slugs
  3 orcs
  7 ball pythons
  2 endoplasms
  A giant cockroach (D:1)
  5 goblins
  5 hobgoblins
  4 jackals
  6 quokkas
  5 bats
  2 frilled lizards (D:1)
  4 kobolds
  A quokka skeleton (D:4)
  6 rats
  A spectral hobgoblin (D:1)
62 creatures vanquished.

Notes
Turn   | Place    | Note
-------+----------+-------------------------------------------
     0 | D:1      | lonewolfV2 the Minotaur Fighter began the quest for the
                  | Orb.
     0 | D:1      | Reached XP level 1. HP: 19/19 MP: 0/0
   184 | D:1      | Reached XP level 2. HP: 27/27 MP: 1/1
   241 | D:1      | Found a faded altar of an unknown god.
   447 | D:1      | Reached skill level 4 in Armour
   582 | D:1      | Reached XP level 3. HP: 33/33 MP: 2/2
  1083 | D:2      | Found a white marble altar of Elyvilon.
  1133 | D:2      | Reached skill level 1 in Axes
  1153 | D:2      | Reached skill level 1 in Short Blades
  1514 | D:2      | Reached XP level 4. HP: 38/40 MP: 3/3
  2016 | D:3      | Reached skill level 1 in Dodging
  2705 | D:4      | Noticed a sky beast
  2717 | D:4      | Killed a sky beast
  2718 | D:4      | Reached XP level 5. HP: 41/47 MP: 4/4
  2793 | D:4      | Reached skill level 5 in Armour
  2802 | D:4      | HP: 1/47 [poisoned by a kobold brigand (curare-tipped
                  | dart)]
  2802 | D:4      | Asphyxiated

Illustrated notes

Levels and vault maps discovered:
D:1:      dpeg_arrival_shrine, layout_basic,
          dreamdust_ecumenical_altar_drowned_temple
D:2:      layout_basic, serial_rivers, chequers_serial_rivers_marsh,
          chequers_serial_rivers_large_a, chequers_serial_rivers_micro_c,
          chequers_serial_rivers_small_3, chequers_serial_rivers_small_3,
          basic_altar, chequers_jeans
D:3:      layout_basic
D:4:      layout_rooms, grunt_decor_arrowhead, minmay_cut_off

Skill      XL: |  1  2  3  4  5 |
---------------+----------------+-----
Fighting       | 4 |  4.4
Shields        | 4 |  4.6
Armour         | 4 5 |  5.1
Axes           | 1 |  1.6
Short Blades   | 1 2 |  2.8
Dodging        | 1 |  1.8
Maces & Flails | |  2.5
Stealth        | |  0.2

Action                   |  1- 3 |  4- 6 || total
-------------------------+-------+-------++-------
Melee: Hand axe          |    27 |       ||    27
       Headbutt          |    15 |    12 ||    27
       Short sword       |    48 |    54 ||   102
  Use: Scroll            |     2 |     3 ||     5
       Potion            |     1 |     2 ||     3
Armor: Scale mail        |    35 |       ||    35
       Robe              |     1 |     1 ||     2
       Plate armour      |       |    42 ||    42
Dodge: Dodged            |    38 |    26 ||    64
Block: Buckler           |    24 |    19 ||    43

Table legend: (Time is in decaauts)
 A = Elapsed time spent in this place.
 B = Non-inter-level travel time spent in this place.
 C = Inter-level travel time spent in this place.
 D = Time resting spent in this place.
 E = Time spent auto-exploring this place.
 F = Levels seen in this place.
 G = Mean time per level.
                   A        B        C        D        E       F      G
               +--------+--------+--------+--------+--------+-----+--------+
         Total |   2846 |   2726 |    120 |      0 |   2196 |   4 |  711.5 |
       Dungeon |   2846 |   2726 |    120 |      0 |   2196 |   4 |  711.5 |
               +--------+--------+--------+--------+--------+-----+--------+

Top non-repeatable levels by time:
     D:2: 1029 daAuts
     D:1: 930 daAuts
     D:3: 771 daAuts
     D:4: 114 daAuts
